 Dungeon Crawl Stone Soup version 0.24.1-8-ga250c9d538 (webtiles) character file.

Game seed: 18039674517591999196, levelgen mode: deterministic

12257 H0rd4k the Eclecticist (level 11, 0/56 HPs)
             Began as a Deep Elf Wizard on May 2, 2020.
             Was an Initiate of Gozag.
             Slain by a komodo dragon (27 damage)
             ... on level 3 of the Lair of Beasts.
             The game lasted 00:36:40 (14577 turns).

H0rd4k the Eclecticist (Deep Elf Wizard)           Turns: 14577, Time: 00:36:43

Health: 0/56       AC:  4    Str:  4    XL:     11   Next: 60%
Magic:  26/32      EV: 14    Int: 27    God:    Gozag
Gold:   1317       SH:  0    Dex: 13    Spells: 15/41 levels left

rFire    + . .     SeeInvis +   I - +3 dagger (venom)
rCold    . . .     Gourm    .   (no shield)
rNeg     . . .     Faith    .   a - +0 robe
rPois    .         Spirit   .   t - +2 hat
rElec    .         Reflect  .   E - scarf {cloud immunity}
rCorr    .         Harm     .   (no gloves)
MR       +....                  (no boots)
Stlth    +++.......             s - amulet of the acrobat
HPRegen  0.18/turn              c - ring of protection from fire
MPRegen  0.23/turn              G - ring of see invisible

@: no status effects
A: no striking features
a: Potion Petition, Call Merchant, Bribe Branch, Renounce Religion


You were on level 3 of the Lair of Beasts.
You worshipped Gozag.
Gozag was most pleased with you.
You were not hungry.

You visited 3 branches of the dungeon, and saw 15 of its levels.

You collected 1588 gold pieces.
You paid 271 gold pieces to Gozag.

Inventory:

Hand Weapons
 I - a +3 dagger of venom (weapon)
Missiles
 r - 56 poisoned darts (quivered)
Armour
 a - a +0 robe (worn)
 t - a +2 hat (worn)
 E - a scarf of cloud immunity (worn)
Jewellery
 c - a ring of protection from fire (left hand)
 s - an amulet of the acrobat (around neck)
 x - an uncursed amulet of rage
 y - an uncursed ring of flight
 G - a ring of see invisible (right hand)
 T - a cursed ring of teleportation {unknown}
 U - an uncursed ring of poison resistance {unknown}
Wands
 C - a wand of enslavement (8)
 H - a wand of disintegration (9)
 K - a wand of iceblast (5)
 L - a wand of flame (21)
 N - a wand of scattershot (6)
 P - a wand of digging (2)
 S - a wand of clouds (6)
Scrolls
 b - 2 scrolls of summoning {unknown}
 e - 3 scrolls of magic mapping
 g - 3 scrolls of enchant armour {unknown}
 h - a scroll of enchant weapon {unknown}
 i - a scroll of noise {unknown}
 j - 11 scrolls of identify
 l - 7 scrolls of remove curse
 m - 7 scrolls of teleportation
 p - 6 scrolls of blinking {unknown}
 u - 3 scrolls of fog {unknown}
 v - 2 scrolls of fear {unknown}
 w - 4 scrolls of amnesia {unknown}
 F - a scroll of holy word {unknown}
 J - 2 scrolls of immolation {unknown}
 Q - a scroll of vulnerability {unknown}
Potions
 f - 5 potions of curing
 k - 2 potions of agility {unknown}
 n - 2 potions of resistance {unknown}
 o - a potion of magic {unknown}
 q - 3 potions of ambrosia {unknown}
 z - 2 potions of flight {unknown}
 A - a potion of lignification {unknown}
 B - 2 potions of haste {unknown}
 D - 2 potions of might {unknown}
 M - 2 potions of degeneration {unknown}
 O - a potion of invisibility {unknown}
 R - a potion of brilliance {unknown}
Comestibles
 d - 14 rations


   Skills:
 - Level 1.5 Fighting
 + Level 5.1 Dodging
 + Level 4.6 Stealth
 + Level 15.6 Spellcasting
 + Level 11.3 Conjurations
   Level 1.1 Summonings
 - Level 4.5 Translocations
 + Level 4.0 Fire Magic
 + Level 3.0 Air Magic
 - Level 3.7 Poison Magic
 + Level 1.4 Evocations


You had 15 spell levels left.
You knew the following spells:

 Your Spells              Type           Power        Failure   Level  Hunger
a - Magic Dart            Conj           ####         1%          1    None
b - Blink                 Tloc           N/A          1%          2    None
c - Conjure Flame         Conj/Fire      ######..     1%          3    None
d - Mephitic Cloud        Conj/Pois/Air  ######..     1%          3    None
e - Swiftness             Chrm/Air       ####....     1%          2    None
f - Fulminant Prism       Conj/Hex       ######....   2%          4    None
g - Dazzling Spray        Conj/Hex       ######       1%          3    None
h - Tukima's Dance        Hex            ###.....     8%          3    None
i - Lightning Bolt        Conj/Air       ######....   3%          5    None

Your spell library contained the following spells:

 Spells                   Type           Power        Failure   Level  Hunger
 Apportation              Tloc           #####.       1%          1    None
 Shock                    Conj/Air       ####         1%          1    None
 Summon Small Mammal      Summ           ####         1%          1    None
 Static Discharge         Conj/Air       ######..     1%          3    None
 Animate Skeleton         Necr           N/A          2%          1    None
 Confusing Touch          Hex            ###...       2%          1    None
 Pain                     Necr           ###.         2%          1    None
 Call Imp                 Summ           ####....     2%          2    None
 Ignite Poison            Fire/Tmut/Pois #####...     2%          3    None
 Slow                     Hex            ###.....     3%          2    None
 Spider Form              Tmut/Pois      ####......   3%          3    None
 Airstrike                Air            #####.....   7%          4    None
 Regeneration             Chrm/Necr      ###.......   8%          3    None
 Spectral Weapon          Hex/Chrm       ###.....     8%          3    None
 Vampiric Draining        Necr           ###.......   8%          3    None
 Animate Dead             Necr           N/A          24%         4    None


Dungeon Overview and Level Annotations

Branches:
Dungeon (11/15)            Temple (1/1) D:5            Lair (3/6) D:8
    Orc (0/2) D:10
  Swamp: Lair:2-4    Shoals: Lair:2-4     Snake: Lair:2-4    Spider: Lair:2-4

Altars:
Ashenzari
Cheibriados
Dithmenos
Elyvilon
Fedhas
Gozag
Hepliaklqana
Kikubaaqudgha
Makhleb
Nemelex Xobeh
Okawaru
Qazlal
Sif Muna
Trog
Uskayaw
Vehumet
Wu Jian
Xom
Yredelemnul
Zin
The Shining One

Annotations:
D:9 exclusion: downstairs
D:10 exclusion: downstairs


Message History

Aiming: Conjure Flame (safe; 1% risk of failure)
Press: ? - help, Dir - move target cursor The fire ignites!
Casting: Conjure Flame (safe; 1% risk of failure)
Confirm with . or Enter, or press ? or * to list all spells.
Aiming: Magic Dart (safe; 1% risk of failure)
Press: ? - help, Shift-Dir - straight line, f - komodo dragon
Aim: a komodo dragon (flame)
The magic dart hits the komodo dragon.
The komodo dragon is lightly wounded.
The komodo dragon is engulfed in blazing flames.
The komodo dragon bites you!!
Ouch! That really hurt!
Casting: Magic Dart (safe; 1% risk of failure)
Confirm with . or Enter, or press ? or * to list all spells.
You blink.
The komodo dragon is engulfed in blazing flames.
The komodo dragon bites you!!
You die...
Your body crumbles into a pile of gold.

..................#
.P.P..............#
..................#
###..............#
#..............#
###..#######.....##
.....# #.##.§P### ...###
#####l##.### ....#
#@P....# ...########
#.....## ##.###P#..#
##....#
.#....≈...#######....##
#.≈≈≈≈≈≈≈......##.[...##
.≈≈≈≈≈≈≈≈≈...............
.≈≈≈≈≈≈≈≈≈..............#
.≈≈≈≈.≈≈≈≈≈.............#
.≈≈≈.<≈≈≈≈≈.............#


You could see a komodo dragon.

Vanquished Creatures
  Harold (Lair:1)
  3 ugly things (D:11)
  A black mamba (Lair:1)
  6 komodo dragons
  3 hippogriffs
  Sigmund (D:3)
  A wraith (D:11)
  7 yaks
  A basilisk (Lair:2)
  3 wargs (D:8)
  3 water moccasins
  An ice beast (D:10)
  2 porcupines
  6 orc warriors
  A black bear (D:9)
  6 ogres
  A phantom (D:11)
  2 centaurs
  3 crocodiles
  3 big kobolds
  Blork the orc (D:5)
  7 bullfrogs
  A wyvern skeleton (D:7)
  5 scorpions
  9 killer bees
  3 howler monkeys (D:8)
  4 crimson imps
  3 jellies
  A bullfrog zombie (D:11)
  8 orc wizards
  15 hounds
  11 orc priests
  2 bullfrog skeletons (D:8)
  3 centaur skeletons
  9 iguanas
  4 worker ants
  2 hound skeletons
  2 worker ant zombies
  2 howler monkey zombies
  12 adders
  2 shadow imps (D:11)
  An ooze (D:1)
  3 worms
  4 dart slugs
  7 leopard geckos
  22 orcs
  2 giant cockroaches (D:1)
  3 hobgoblins (D:1)
  5 jackals
  A quokka (D:6)
  4 bats
  3 frilled lizards
  5 goblins
  13 kobolds
  2 quokka skeletons
  6 rats
242 creatures vanquished.

Vanquished Creatures (collateral kills)
  A sky beast (D:8)
1 creature vanquished.

Vanquished Creatures (others)
  3 fungi
  A plant (Lair:1)
4 creatures vanquished.

Grand Total: 247 creatures vanquished

Notes
Turn   | Place    | Note
-------+----------+-------------------------------------------
     0 | D:1      | H0rd4k the Deep Elf Wizard began the quest for the Orb.
     0 | D:1      | Reached XP level 1. HP: 10/10 MP: 7/7
   186 | D:1      | Reached skill level 5 in Spellcasting
   186 | D:1      | Reached XP level 2. HP: 15/15 MP: 6/10
   643 | D:1      | Reached XP level 3. HP: 18/19 MP: 7/11
   647 | D:1      | Learned a level 2 spell: Blink
   651 | D:1      | Learned a level 3 spell: Conjure Flame
   655 | D:1      | Learned a level 3 spell: Mephitic Cloud
  1706 | D:3      | Reached skill level 6 in Spellcasting
  1706 | D:3      | Reached XP level 4. HP: 24/24 MP: 7/14
  1718 | D:3      | Noticed Sigmund
  1839 | D:3      | Found a glowing golden altar of the Shining One.
  1915 | D:3      | Killed Sigmund
  1915 | D:3      | Reached skill level 7 in Spellcasting
  1915 | D:3      | Reached XP level 5. HP: 28/28 MP: 1/16
  2403 | D:4      | Reached XP level 6. HP: 32/32 MP: 7/18
  2588 | D:4      | Found a bloodstained altar of Trog.
  2877 | D:4      | Reached skill level 8 in Spellcasting
  3143 | D:5      | Entered Level 5 of the Dungeon
  3143 | D:5      | Found a staircase to the Ecumenical Temple.
  3437 | D:5      | Reached skill level 1 in Fire Magic
  3437 | D:5      | Reached XP level 7. HP: 35/36 MP: 6/21
  3816 | D:5      | Reached skill level 9 in Spellcasting
  3820 | D:5      | Noticed Blork the orc
  3992 | D:5      | Reached skill level 5 in Conjurations
  3992 | D:5      | Reached skill level 1 in Air Magic
  4264 | D:6      | Reached skill level 1 in Poison Magic
  5138 | D:7      | Reached XP level 8. HP: 42/42 MP: 18/23
  5139 | D:7      | Noticed a hippogriff
  5156 | D:7      | Killed a hippogriff
  5210 | D:7      | Found an iron altar of Okawaru.
  5319 | D:6      | Reached skill level 10 in Spellcasting
  6240 | D:8      | Reached XP level 9. HP: 36/46 MP: 11/25
  6615 | D:8      | Found a staircase to the Lair.
  6633 | D:8      | Reached skill level 11 in Spellcasting
  7735 | Temple   | Entered the Ecumenical Temple
  7914 | Temple   | Became a worshipper of Gozag Ym Sagoz the Greedy
  8010 | D:5      | Killed Blork the orc
  8345 | D:9      | Reached skill level 12 in Spellcasting
  8703 | D:9      | Reached XP level 10. HP: 48/51 MP: 18/28
  8886 | D:10     | Entered Level 10 of the Dungeon
  9576 | D:10     | Found a staircase to the Orcish Mines.
  9618 | D:10     | Reached skill level 1 in Fighting
  9618 | D:10     | Reached skill level 13 in Spellcasting
 10057 | D:10     | Reached skill level 10 in Conjurations
 10630 | D:11     | Noticed a purple ugly thing
 10640 | D:11     | Killed a purple ugly thing
 10640 | D:11     | Reached skill level 14 in Spellcasting
 11336 | D:11     | Noticed a brown ugly thing
 11368 | D:11     | Killed a brown ugly thing
 11623 | D:11     | Reached XP level 11. HP: 56/56 MP: 12/31
 11638 | D:11     | Noticed a red ugly thing
 11774 | D:11     | Killed a red ugly thing
 12025 | Lair:1   | Entered Level 1 of the Lair of Beasts
 12604 | Lair:1   | Noticed Harold
 12639 | Lair:1   | Killed Harold
 12639 | Lair:1   | Reached skill level 15 in Spellcasting
 12984 | Lair:1   | Identified the Grimoire of Virous Hexes
 13032 | Lair:1   | Reached skill level 1 in Evocations
 13803 | Lair:2   | Reached skill level 5 in Dodging
 14452 | Lair:2   | Learned a level 2 spell: Swiftness
 14457 | Lair:2   | Learned a level 4 spell: Fulminant Prism
 14461 | Lair:2   | Learned a level 3 spell: Dazzling Spray
 14465 | Lair:2   | Learned a level 3 spell: Tukima's Dance
 14471 | Lair:2   | Learned a level 5 spell: Lightning Bolt
 14577 | Lair:3   | Slain by a komodo dragon

Levels and vault maps discovered:
D:1:      sevenhm_arrival_forest_fort_large_4, layout_loops_ring,
          grunt_decor_one_mirror
D:2:      layout_basic
D:3:      layout_basic, tso_metal_star, first_ration, uniq_sigmund
D:4:      layout_gridville, trog_three_pillars_becter
D:5:      layout_loops_cross, minmay_temple_entry_statues_pillars,
          uniq_blork_the_orc
D:6:      layout_cave_pools, serial_co_window_serial, co_window_corner_a,
          co_window_paths_b, co_window_paths_b, co_window_corner_a,
          co_window_corner_a, co_window_corner_b, co_window_corner_b,
          co_window_corner_b, co_window_corner_ca, co_window_of_opportunity_b,
          co_window_of_opportunity_c, co_window_4corner_a, glass_columns_a,
          glass_columns_a, glass_columns_b, glass_columns_b
D:7:      minmay_klotski, layout_rooms, basic_altar
D:8:      layout_loops_corners, erik_lair_orcish_takeover
D:9:      layout_roguey
D:10:     layout_irregular_city, serial_rivers, chequers_serial_rivers_large_b,
          chequers_serial_rivers_marsh, chequers_serial_rivers_small_3,
          chequers_serial_rivers_micro_e, chequers_serial_rivers_micro_d,
          blue_anna_alchemist [blue_anna_fruit_fields, blue_anna_fruit_fields]
D:11:     layout_basic
Temple:   roderic_octagonal_lattice_temple
Lair:1:   beast_lair_carwin_large_3, layout_cave_pods, uniq_harold
Lair:2:   layout_regular_city
Lair:3:   layout_gridlike, kennysheep_catoblepas_arena, grunt_megastairs_1,
          infiniplex_staircase_pool_2

Skill      XL: |  1  2  3  4  5  6  7  8  9 10 11 |
---------------+----------------------------------+-----
Spellcasting   | 5 6 7 8 9 10 12 14 15 | 15.6
Conjurations   | 2 3 4 5 7 9 10 11 | 11.3
Dodging        | 3 4 5 |  5.1
Stealth        | 3 4 |  4.6
Fire Magic     | 1 2 3 4 |  4.0
Air Magic      | 1 2 3 |  3.0
Poison Magic   | 1 2 3 |  3.7
Translocations | 3 4 |  4.5
Fighting       | 1 |  1.5
Evocations     | 1 |  1.4
Summonings     | |  1.1

Action                   |  1- 3 |  4- 6 |  7- 9 | 10-12 || total
-------------------------+-------+-------+-------+-------++-------
Melee: Unarmed           |     2 |       |     2 |       ||     4
 Cast: Magic Dart        |    99 |    70 |   302 |   355 ||   826
       Conjure Flame     |       |    10 |    38 |    80 ||   128
       Mephitic Cloud    |       |    10 |    36 |    22 ||    68
       Blink             |       |     3 |     6 |    25 ||    34
Evoke: Wand              |       |       |     6 |     9 ||    15
  Use: Scroll            |       |       |     4 |     1 ||     5
       Potion            |       |       |       |     1 ||     1
  Eat: Ration            |     1 |       |     1 |     5 ||     7
       Chunk             |       |     3 |    14 |       ||    17
Armor: Robe              |     4 |     3 |    10 |     4 ||    21
Dodge: Dodged            |    14 |    14 |    58 |    80 ||   166
